 Dungeon Crawl Stone Soup version 0.27.0-1-g7a089689b8 (webtiles) character file.

Game seed: 5538689089438242720

24 ketsa the Chopper (level 2, 0/25 HPs)
             Began as a Palentonga Berserker on July 31, 2021.
             Was a Follower of Trog.
             Succumbed to an adder's poison
             ... on level 1 of the Dungeon.
             The game lasted 00:03:01 (563 turns).

ketsa the Chopper (Palentonga Berserker)             Turns: 563, Time: 00:03:02

Health: 0/25       AC:  4    Str: 20    XL:     2   Next: 79%
Magic:  2/2        EV:  9    Int:  7    God:    Trog [*.....]
Gold:   38         SH:  0    Dex:  9    Spells: 1/1 levels left

rFire    . . .     SeeInvis +   a - +0 hand axe
rCold    . . .     Faith    .   (no shield)
rNeg     . . .     Spirit   .   b - +0 animal skin
rPois    .         Reflect  .   (no helmet)
rElec    .         Harm     .   (no cloak)
rCorr    .         Rampage  .   (no gloves)
Will     .....                  (no barding)
Stlth    +.........             (no amulet)
HPRegen  0.08/turn              (no ring)
MPRegen  0.08/turn              (no ring)

@: brilliant, lethally poisoned (0 -> -13)
A: large, rugged brown scales 3, see invisible, deformed body, roll 1, armoured
tail
a: Rolling Charge, Renounce Religion, Berserk


You were on level 1 of the Dungeon.
You worshipped Trog.
Trog was aware of your devotion.
You visited 1 branch of the dungeon, and saw 2 of its levels.

You collected 38 gold pieces.

Inventory:

Hand Weapons
 a - a +0 hand axe (weapon)
 f - a +2 whip of electrocution
Armour
 b - a +0 animal skin (worn)
 d - a +0 leather armour
 h - a +0 leather armour
Scrolls
 e - a scroll of vulnerability {unknown}
 g - a scroll of amnesia {unknown}
 i - a scroll of identify {unknown}


   Skills:
 + Level 3.4 Fighting
 * Level 3.5 Axes
 - Level 1.6 Armour
 - Level 1.7 Dodging


You had one spell level left.
You didn't know any spells.
Your spell library contained the following spells:

 Spells                   Type           Power      Damage    Failure   Level
 Corona                   Hex            0%         N/A       43%         1
 Ensorcelled Hibernation  Hex/Ice        0%         N/A       56%         2
 Tukima's Dance           Hex            0%         N/A       80%         3


Dungeon Overview and Level Annotations

Branches:
Dungeon (2/15)

Altars:


Innate Abilities, Weirdness & Mutations

You are completely covered in rugged brown scales. (AC +3, +7% HP)
You have supernaturally acute eyesight. (SInv)
Armour fits poorly on your strangely shaped body.
You can roll at nearby foes to attack.
You have a long armoured tail.


Message History

The adder poisons you!
You closely miss the adder.
Your tail-slap misses the adder.
The adder is lightly wounded.
You feel sick. The adder closely misses you.
You miss the adder.
The adder is lightly wounded.
You feel sick. The adder misses you. The adder bites you but does no damage.
You hit the adder.
The adder is lightly wounded.
You feel sick. The adder closely misses you.
You closely miss the adder.
Your tail-slap misses the adder.
The adder is lightly wounded.
You miss the adder.
You feel sick.
You are no longer poisoned.
The adder bites you. The adder bites you but does no damage.
The adder misses you. x2
The adder bites you but does no damage. The adder closely misses you.
You climb upwards.
There is a stone staircase leading down here.
You hit the adder but do no damage.
Your tail-slap misses the adder.
You hit the adder. The adder barely misses you.
The adder bites you but does no damage. The adder bites you.
You are poisoned.
The adder poisons you! The adder bites you.
You are lethally poisoned!
The adder poisons you!
You closely miss the adder. You hit the adder.
* * * LOW HITPOINT WARNING * * *
You feel very sick. The adder closely misses you. The adder bites you.
* * * LOW HITPOINT WARNING * * *
It was a potion of brilliance.
You feel clever all of a sudden.
* * * LOW HITPOINT WARNING * * *
You feel sick. The adder barely misses you. The adder bites you.
* * * LOW HITPOINT WARNING * * *
You are more poisoned.
The adder poisons you! The adder bites you but does no damage.
You feel more clever all of a sudden.
You die...

#..##.##...............).....##
###.#...##....#...........#.##.##
.......###....(.............##..#
.......###....#........########..
..............#........# #.......
####.#####.............###.......
...#.# #.......................
.....# ######..####..###...)...
.....##########.@####........(...
...............SS..###.###.......
##..#................#.# ##.#####
#....#####...§§.....#.# #.#####
##...# #≈≈≈§§≈§≈≈≈...####......
##.#####≈8§§≈§≈≈8≈.....####....
#......≈≈8≈≈≈≈8≈≈##...........
######.≈≈≈#''#≈≈≈##..#####....
#.§§§#..#≈≈≈##..# #....


You could see 2 adders.

Vanquished Creatures
  A dart slug (D:1)
  2 ball pythons (D:1)
  3 endoplasms (D:1)
  3 goblins (D:1)
  3 hobgoblins (D:1)
  2 kobolds (D:1)
  A bat (D:1)
  A frilled lizard (D:1)
  3 rats (D:1)
19 creatures vanquished.

Notes
Turn   | Place    | Note
-------+----------+-------------------------------------------
     0 | D:1      | ketsa the Palentonga Berserker began the quest for the Orb.
     0 | D:1      | Reached XP level 1. HP: 19/19 MP: 1/1
   142 | D:1      | Reached XP level 2. HP: 22/25 MP: 2/2
   563 | D:1      | Succumbed to an adder's poison

Illustrated notes

Levels and vault maps discovered:
D:1:      lightli_arrival_boilingwater, layout_rooms
D:2:      layout_basic, minmay_heptomino_o4

Action                   || total
-------------------------++-------
Melee: Hand axe          ||    62
       Tailslap          ||     7
  Use: Potion            ||     2
 Stab: Sleeping          ||     1
Armor: Animal skin       ||    29
Dodge: Dodged            ||    42
